 Dungeon Crawl Stone Soup version 0.20-a0-1058-g0491fde (webtiles) character file.

616 HarryHood the Cudgeler (level 7, 0/63 HPs)
             Began as a Minotaur Berserker on Apr 26, 2017.
             Was a Priest of Trog.
             Slain by an ogre
             ... wielding a +0 giant spiked club
              (18 damage)
             ... on level 7 of the Dungeon.
             The game lasted 00:09:18 (2367 turns).

HarryHood the Cudgeler (Minotaur Berserker)         Turns: 2367, Time: 00:09:19

Health: 0/63       AC: 12    Str: 22    XL:     7   Next: 21%
Magic:  6/6        EV:  9    Int:  4    God:    Trog [***...]
Gold:   160        SH:  0    Dex: 11    Spells: 6/6 levels left

rFire    . . .     SeeInvis .   a - +2 mace (crush)
rCold    . . .     Gourm    .   (no shield)
rNeg     . . .     Faith    .   r - +0 chain mail
rPois    .         Spirit   .   (helmet restricted)
rElec    .         Reflect  .   h - +0 cloak
rCorr    .         Harm     .   u - +0 pair of gloves
MR       .....                  (no boots)
Stlth    ..........             l - amulet of regeneration
Regen    0.6/turn               (no ring)
MPRegen  0.1/turn               (no ring)

@: no status effects
A: retaliatory headbutt, horns 2
a: Berserk, Trog's Hand, Burn Spellbooks, Renounce Religion


You were on level 7 of the Dungeon.
You worshipped Trog.
Trog was most pleased with you.
You were not hungry.

You visited 1 branch of the dungeon, and saw 5 of its levels.

You collected 160 gold pieces.

Inventory:

Hand Weapons
 a - a +2 mace of crushing (weapon)
Missiles
 q - 18 sling bullets
Armour
 h - a +0 cloak (worn)
 r - a +0 chain mail (worn)
 u - a +0 pair of gloves (worn)
Jewellery
 d - an uncursed ring of ice
 l - an amulet of regeneration (around neck)
Scrolls
 s - a scroll of recharging
 t - 3 scrolls of teleportation {@r0}
Potions
 b - a potion of might {unknown}
 e - 3 potions of curing {@q2}
 g - a potion of invisibility {unknown}
 i - a potion of ambrosia {unknown}
 j - a potion of degeneration {unknown}
 m - a potion of mutation {unknown}
 o - a potion of haste {unknown}
 z - a potion of brilliance {unknown}
Comestibles
 c - 4 bread rations {@e1}
 f - 5 chunks of flesh


   Skills:
 - Level 6.1 Fighting
 - Level 7.1 Maces & Flails
 * Level 5.6 Armour
 - Level 2.1 Dodging


You had 6 spell levels left.
You didn't know any spells.

Dungeon Overview and Level Annotations

Branches:
Dungeon (4/15)
 Temple: D:4-7

Altars:
Dithmenos
Gozag


Innate Abilities, Weirdness & Mutations

You reflexively headbutt those who attack you in melee.
You have a pair of horns on your head.


Message History

Things that are here:
an uncursed enchanted shortbow; 10 arrows; a centaur corpse You butcher the centaur corpse.
f - 14 chunks of flesh (gained 4)
Things that are here:
an uncursed enchanted shortbow; 10 arrows You see here a wand of disintegration (?/24).
An ogre comes into view. It is wielding a giant spiked club.
The ogre shouts!
Some of the chunks of flesh in your inventory have rotted away.
Found 28 stones.
The ogre hits you with a giant spiked club!!
You take 24 damage, and have 39/63 hp.
MASSIVE DAMAGE!!
You thump the ogre!
The ogre hits you with a giant spiked club!!
* * * LOW HITPOINT WARNING * * *
You take 22 damage, and have 17/63 hp.
MASSIVE DAMAGE!!
You hit the ogre.
The ogre hits you with a giant spiked club!!
You die...

####
...##################
......##........@...#
....#.#.###(###O###.#
....#..# ##.##.###.###
.......# #...........
8..⚑...# #.##.###.###
......# ###.# #.#
....#.##...# #.# ##
....#.....#####.###....
....#..##...........#


You could see an ogre.

Vanquished Creatures
  An ice beast (D:7)
  A centaur (D:7)
  A crimson imp (D:7)
  2 orc priests
  Crazy Yiuf (D:3)
  2 orc wizards (D:4)
  3 worker ants (D:4)
  Natasha (thrice) (D:3)
  5 adders
  2 worms
  A dart slug (D:2)
  4 leopard geckos
  7 orcs
  6 bats
  4 giant cockroaches
  5 goblins
  6 hobgoblins
  4 jackals
  6 kobolds
  A quokka (D:3)
  A ball python (D:1)
  4 frilled lizards
  4 rats
74 creatures vanquished.

Notes
Turn   | Place    | Note
-------+----------+-------------------------------------------
     0 | D:1      | HarryHood the Minotaur Berserker began the quest for the Orb.
     0 | D:1      | Reached XP level 1. HP: 19/19 MP: 0/0
    18 | D:1      | Reached skill level 4 in Fighting
   176 | D:1      | Reached XP level 2. HP: 24/27 MP: 1/1
   628 | D:1      | Reached skill level 5 in Fighting
   698 | D:2      | Reached XP level 3. HP: 36/36 MP: 2/2
  1179 | D:2      | Reached ** piety under Trog
  1546 | D:3      | Reached XP level 4. HP: 44/44 MP: 3/3
  1574 | D:3      | Reached skill level 6 in Fighting
  1661 | D:3      | Noticed Natasha
  1669 | D:3      | Killed Natasha
  1669 | D:3      | Reached skill level 4 in Maces & Flails
  1732 | D:3      | Found a runed door.
  1764 | D:3      | Noticed Natasha
  1772 | D:3      | Killed Natasha
  1772 | D:3      | Reached XP level 5. HP: 50/50 MP: 4/4
  1858 | D:3      | Noticed Natasha
  1863 | D:3      | Killed Natasha
  1863 | D:3      | Reached skill level 5 in Maces & Flails
  1882 | D:3      | Noticed Crazy Yiuf
  1888 | D:3      | Killed Crazy Yiuf
  1977 | D:3      | Reached *** piety under Trog
  1977 | D:3      | Reached skill level 6 in Maces & Flails
  2079 | D:4      | Reached XP level 6. HP: 54/57 MP: 5/5
  2089 | D:4      | Reached skill level 7 in Maces & Flails
  2147 | D:4      | Reached skill level 3 in Armour
  2171 | D:4      | You fall through a shaft for 3 floors!
  2175 | D:7      | Found an opulent altar of Gozag.
  2178 | D:7      | Found a shadowy altar of Dithmenos.
  2188 | D:7      | Noticed an ice beast
  2207 | D:7      | Killed an ice beast
  2207 | D:7      | Reached skill level 4 in Armour
  2207 | D:7      | HP: 6/85 [centaur/arrow (11)]
  2209 | D:7      | HP: 2/85 [centaur (5)]
  2213 | D:7      | Reached skill level 5 in Armour
  2213 | D:7      | Reached XP level 7. HP: 4/63 MP: 6/6
  2367 | D:7      | Slain by an ogre

Vault maps used:
D:1:      noname_arrival_rooms_in_the_neighbourhood
D:3:      first_bread, uniq_natasha, uniq_crazy_yiuf_cottage
D:7:      grunt_temple_overflow_open, uniq_duvessa

Skill      XL: |  1  2  3  4  5  6 |
---------------+-------------------+-----
Fighting       | 4 5 6 |  6.1
Maces & Flails | 4 6 7 |  7.1
Armour         | 5 |  5.6
Dodging        | |  2.1

Action                   |  1- 3 |  4- 6 |  7- 9 || total
-------------------------+-------+-------+-------++-------
Melee: Mace              |    84 |    93 |     3 ||   180
       Headbutt          |    14 |    11 |       ||    25
Invok: Burn Spellbooks   |       |     1 |       ||     1
       Berserk           |       |     1 |       ||     1
  Use: Scroll            |     5 |     4 |       ||     9
  Eat: Chunk             |     2 |     2 |     2 ||     6
Armor: Animal skin       |    10 |       |       ||    10
       Ring mail         |    24 |       |       ||    24
       Chain mail        |     9 |    69 |     1 ||    79
       Scale mail        |     9 |       |       ||     9
Dodge: Dodged            |    54 |    47 |       ||   101
